 Dungeon Crawl Stone Soup version 0.24.1-14-gf8d2b509d9 (webtiles) character file.

Game seed: 6700628290394060566, levelgen mode: deterministic

942 H0rd4k the Cutter (level 8, -20/54 HPs)
             Began as a Human Artificer on May 19, 2020.
             Was an Initiate of Gozag.
             Killed from afar by a bullfrog (29 damage)
             ... with an exploding inner flame
             ... hexed by the player character
             ... on level 6 of the Dungeon.
             The game lasted 00:08:38 (5205 turns).

H0rd4k the Cutter (Human Artificer)                 Turns: 5205, Time: 00:08:39

Health: -20/54     AC:  7    Str: 16    XL:     8   Next: 34%
Magic:  10/11      EV: 12    Int: 11    God:    Gozag
Gold:   493        SH:  0    Dex: 13    Spells: 7/7 levels left

rFire    . . .     SeeInvis .   a - +1 short sword
rCold    . . .     Gourm    .   (no shield)
rNeg     . . .     Faith    .   u - +0 ring mail
rPois    .         Spirit   .   (no helmet)
rElec    .         Reflect  .   (no cloak)
rCorr    .         Harm     .   (no gloves)
MR       .....     Clarity  +   (no boots)
Stlth    +.........             (no amulet)
HPRegen  0.58/turn              (no ring)
MPRegen  0.12/turn              (no ring)

@: gold aura
A: yellow scales 1, clarity, frail 1, regeneration 1
a: Potion Petition, Call Merchant, Bribe Branch, Renounce Religion


You were on level 6 of the Dungeon.
You worshipped Gozag.
Gozag was aware of your devotion.
You were not hungry.

You visited 1 branch of the dungeon, and saw 6 of its levels.

You collected 540 gold pieces.
You paid 47 gold pieces to Gozag.

Inventory:

Hand Weapons
 a - a +1 short sword (weapon)
 l - a +2 hand axe of freezing
Missiles
 r - 6 poisoned darts (quivered)
 s - 4 atropa-tipped darts
Armour
 b - a +0 leather armour
 u - a +0 ring mail (worn)
Jewellery
 h - an uncursed ring of protection from cold {unknown}
 i - a +2 ring of strength
 m - an uncursed ring of see invisible {unknown}
Wands
 e - a wand of random effects (11)
 n - a wand of clouds (2)
 w - a wand of polymorph (5)
Scrolls
 k - 2 scrolls of remove curse
 o - a scroll of fog {unknown}
 t - 5 scrolls of identify {unknown}
Potions
 c - a potion of curing
 v - a potion of resistance {unknown}
Comestibles
 f - 3 rations


   Skills:
 + Level 4.0 Fighting
 + Level 5.2 Short Blades
 + Level 0.6 Throwing
 + Level 3.2 Armour
 + Level 3.7 Dodging
 + Level 2.6 Stealth
 + Level 4.0 Evocations


You had 7 spell levels left.
You didn't know any spells.
Your spell library was empty.

Dungeon Overview and Level Annotations

Branches:
Dungeon (6/15)
 Temple: D:4-7

Altars:
Fedhas
Gozag
Makhleb
Yredelemnul

Annotations:
D:2 exclusion: downstairs
D:3 Grinder
D:4 3 runed translucent doors, Thomus's ghost, novice DECj; dundn's ghost, amateur TeAE; nano's ghost, amateur OpVM


Innate Abilities, Weirdness & Mutations

You are partially covered in yellow scales. (AC +2)
You possess an exceptional clarity of mind.
You are frail. (-10% HP)
Your natural rate of healing is unusually fast.


Message History

The orc hits your wight.
Your wight hits the orc with a cursed +5 dagger.
Your wight drains the orc.
The orc explodes!
The fiery explosion engulfs your wight!!
Your wight explodes!
The fiery explosion engulfs the bullfrog!!
The bullfrog explodes!
The fiery explosion engulfs the centaur!!!
The centaur explodes!
The fiery explosion engulfs the crimson imp.
The crimson imp completely resists.
The fiery explosion engulfs you!!
Ouch! That really hurt!
* * * LOW HITPOINT WARNING * * *
Your Fighting skill increases to level 4!
Your Evocations skill increases to level 4!
The fiery explosion engulfs you!!
Ouch! That really hurt!
You die...
Your body crumbles into a pile of gold.

.. .. .####...
##########?.#....# .#
#@§Yo.........#.##
...5.5§§#§§...%.........
.$....§##.#####.#.......
.###.#..oY####..........
#$###....$F...##..... #
##..##$$.5.......
##....$$(.<.....
#........$#.....
...%.....$($##...


You could see a sky beast (inner flame), 2 crimson imps and an orc (inner
flame).

Vanquished Creatures
  An ogre (D:4)
  A centaur (D:6)
  Blork the orc (D:5)
  2 scorpions
  A water moccasin skeleton (D:3)
  A wight (D:6)
  A centaur zombie (D:5)
  A centaur skeleton (D:4)
  2 orc wizards
  2 iguanas
  3 worker ants
  4 adders
  3 worms
  A dart slug (D:3)
  2 leopard geckos
  20 orcs
  3 ball pythons
  7 giant cockroaches
  7 goblins
  10 hobgoblins
  10 bats
  3 frilled lizards
  A jackal skeleton (D:5)
  7 kobolds
  7 rats
101 creatures vanquished.

Vanquished Creatures (collateral kills)
  Duvessa (D:6)
  Dowan (D:6)
  2 scorpions (D:6)
  A wight (D:6)
  An adder (D:6)
  4 jackals (D:6)
  A quokka (D:6)
11 creatures vanquished.

Vanquished Creatures (others)
  2 wights (D:6)
  An iguana (D:6)
  An orc (D:6)
4 creatures vanquished.

Grand Total: 116 creatures vanquished

Notes
Turn   | Place    | Note
-------+----------+-------------------------------------------
     0 | D:1      | H0rd4k the Human Artificer began the quest for the Orb.
     0 | D:1      | Reached XP level 1. HP: 15/15 MP: 3/3
   202 | D:1      | Reached XP level 2. HP: 21/21 MP: 4/4
  1205 | D:2      | Reached XP level 3. HP: 22/26 MP: 5/5
  1476 | D:2      | Found a blossoming altar of Fedhas.
  1926 | D:2      | Reached XP level 4. HP: 32/32 MP: 6/6
  2362 | D:3      | Noticed Grinder
  2371 | D:2      | Reached skill level 2 in Short Blades
  2404 | D:3      | Reached skill level 1 in Armour
  2696 | D:3      | Found an opulent altar of Gozag.
  2710 | D:3      | Became a worshipper of Gozag Ym Sagoz the Greedy
  2777 | D:3      | Reached XP level 5. HP: 3/38 MP: 7/7
  2779 | D:3      | Gained mutation: You are partially covered in yellow
                  | scales. (AC +2) [potion of mutation]
  2779 | D:3      | Gained mutation: Your natural rate of healing is unusually
                  | fast. [potion of mutation]
  2779 | D:3      | Gained mutation: You are frail. (-10% HP) [potion of
                  | mutation]
  2779 | D:3      | Gained mutation: You possess an exceptional clarity of
                  | mind. [potion of mutation]
  2830 | D:3      | Reached skill level 3 in Short Blades
  3186 | D:4      | Reached XP level 6. HP: 39/39 MP: 8/8
  3370 | D:4      | Found a runed translucent gate.
  3371 | D:4      | Found a runed translucent gate.
  3523 | D:4      | Found a basalt altar of Yredelemnul.
  3623 | D:4      | Found a runed translucent gate.
  3624 | D:4      | Noticed dundn's ghost (amateur TeAE)
  3624 | D:4      | Noticed nano's ghost (amateur OpVM)
  3624 | D:4      | Noticed Thomus's ghost (novice DECj)
  3689 | D:4      | Noticed an ogre
  3698 | D:4      | Killed an ogre
  3870 | D:4      | Reached skill level 4 in Short Blades
  3870 | D:4      | Reached XP level 7. HP: 35/45 MP: 9/9
  4320 | D:5      | Entered Level 5 of the Dungeon
  4609 | D:5      | Found a burning altar of Makhleb.
  4709 | D:5      | Noticed Blork the orc
  4715 | D:5      | Killed Blork the orc
  5148 | D:6      | Noticed Duvessa
  5148 | D:6      | Noticed Dowan
  5158 | D:6      | Reached XP level 8. HP: 52/52 MP: 10/10
  5165 | D:6      | Killed Duvessa
  5166 | D:6      | Killed Dowan
  5174 | D:6      | Reached skill level 5 in Short Blades
  5205 | D:6      | Killed from afar by a bullfrog

Levels and vault maps discovered:
D:1:      dpeg_arrival_fog, layout_basic
D:2:      layout_basic, overflow_temple_1_default
D:3:      layout_basic, lemuel_round_altar, roderic_lattice_a, uniq_grinder
D:4:      layout_layer_cave, lemuel_round_altar, gammafunk_ghost_cemetery
D:5:      layout_basic, lemuel_crystal_altar, first_ration, serial_curves,
          eino_curves_01, eino_curves_04, uniq_blork_the_orc
D:6:      layout_rooms, lemuel_doored_altar, kennysheep_mini,
          minmay_temple_entry_statues_pillars, nicolae_ossuary_entry_monument,
          uniq_duvessa, uniq_sigmund, uniq_menkaure

Skill      XL: |  1  2  3  4  5  6  7  8 |
---------------+-------------------------+-----
Short Blades   | 2 3 4 5 |  5.2
Armour         | 1 2 3 |  3.2
Fighting       | 2 3 4 |  4.0
Stealth        | 2 |  2.6
Dodging        | 3 |  3.7
Evocations     | 4 |  4.0
Throwing       | |  0.6

Action                   |  1- 3 |  4- 6 |  7- 9 || total
-------------------------+-------+-------+-------++-------
Melee: Short sword       |   129 |   178 |   233 ||   540
Throw: Dart              |       |     8 |       ||     8
Evoke: Wand              |     3 |    12 |    20 ||    35
  Use: Potion            |     2 |     3 |       ||     5
       Scroll            |       |       |     5 ||     5
 Stab: Sleeping          |     1 |       |       ||     1
       Paralysed         |       |     4 |       ||     4
       Distracted        |       |     1 |       ||     1
  Eat: Chunk             |     3 |     3 |       ||     6
       Ration            |       |     1 |     2 ||     3
Armor: Leather armour    |    43 |    38 |       ||    81
       Ring mail         |       |     3 |    55 ||    58
Dodge: Dodged            |   106 |    87 |   151 ||   344
